 Dungeon Crawl Stone Soup version 0.19.4-8-ga85b6b9 (webtiles) character file.

7117 Gargoyl the Protected (level 11, 0/92 HPs)
             Began as a Ghoul Abyssal Knight on Feb 14, 2017.
             Was a High Priest of Lugonu.
             Slain by a hill giant
             ... wielding a +0 giant spiked club
              (34 damage)
             ... on level 9 of the Dungeon.
             The game lasted 00:25:04 (9129 turns).

Gargoyl the Protected (Ghoul Abyssal Knight)        Turns: 9129, Time: 00:25:05

Health: 0/92       AC: 21    Str: 17    XL:     11   Next: 10%
Magic:  2/15       EV: 12    Int:  7    God:    Lugonu [*****.]
Gold:   466        SH:  0    Dex: 11    Spells: 0 memorised, 10 levels left

rFire  . . .     SeeInvis +     F - +6 falchion
rCold  + . .     Gourm    .     L - +0 shadow dragon scales
rNeg   + + +     Faith    .     (no shield)
rPois  ∞         Spirit   .     e - +2 helmet
rElec  .         Reflect  .     m - +2 cloak {+Inv}
rCorr  .         Harm     .     (no gloves)
MR     .....                    y - +0 pair of boots
Stlth  ++........               j - amulet of magic regeneration
                                p - +4 ring of evasion
                                d - ring of see invisible

@: rotting, slowed, very slow
A: rotting body, claws 1, carnivore 3, cold resistance 1, negative energy
resistance 3, slow regeneration 1, torment resistance, unbreathing
a: Depart the Abyss, Bend Space, Banish, Corrupt, Enter the Abyss, Renounce
Religion, Evoke Invisibility


You were on level 9 of the Dungeon.
You worshipped Lugonu.
Lugonu was extremely pleased with you.
You were not hungry.

You visited 1 branch of the dungeon, and saw 10 of its levels.
You visited the Abyss 1 time.
You also visited: Ossuary.

You collected 466 gold pieces.

Inventory:

Hand Weapons
 a - a +3 hand axe
 b - a +0 blowgun
 F - a +6 falchion (weapon)
Missiles
 s - 26 poisoned needles
 J - 4 silver tomahawks (quivered)
Armour
 e - a +2 helmet (worn)
 m - a +2 cloak of invisibility (worn)
 y - a +0 pair of boots (worn)
 L - +0 shadow dragon scales (worn)
Jewellery
 d - a ring of see invisible (left claw)
 j - an amulet of magic regeneration (around neck)
 p - a +4 ring of evasion (right claw)
Wands
 g - a wand of flame (9/48)
 i - a wand of teleportation (3/9)
 w - a wand of flame (23/48)
 z - a wand of paralysis (3/24)
 M - a wand of acid (7/15)
 N - a wand of digging (0/24)
 P - a wand of confusion (15/48)
Scrolls
 f - 2 scrolls of teleportation
 o - 5 scrolls of remove curse
 t - 2 scrolls of fog
 x - 4 scrolls of amnesia
Potions
 k - 3 potions of heal wounds
 l - a potion of degeneration {unknown}
 n - a potion of berserk rage {unknown}
 q - 5 potions of curing
 v - 3 potions of flight {unknown}
 A - a potion of invisibility {unknown}
 B - 2 potions of brilliance {unknown}
 C - a potion of beneficial mutation {unknown}
 D - a potion of ambrosia {unknown}
 E - 2 potions of might
 K - a potion of resistance {unknown}
Books
 r - a book of Misfortune

   Spells                             Type                      Level
   a - Confusing Touch                Hexes                        1
   b - Confuse                        Hexes                        3
   c - Gell's Gravitas                Hexes/Translocation          3
   d - Petrify                        Transmutation/Earth          4
   e - Metabolic Englaciation         Hexes/Ice                    5
   f - Yara's Violent Unravelling     Hexes/Transmutation          5
 u - a Young Poisoner's Handbook

   Spells                             Type                      Level
   a - Sting                          Conjuration/Poison           1
   b - Mephitic Cloud                 Conjuration/Poison/Air       3
   c - Olgreb's Toxic Radiance        Poison                       4
   d - Alistair's Intoxication        Transmutation/Poison         5
   e - Venom Bolt                     Conjuration/Poison           5
 G - a book of Callings

   Spells                             Type                      Level
   a - Summon Small Mammal            Summoning                    1
   b - Call Imp                       Summoning                    2
   c - Call Canine Familiar           Summoning                    3
   d - Summon Guardian Golem          Hexes/Summoning              3
   e - Summon Lightning Spire         Summoning/Air                4
   f - Summon Ice Beast               Ice/Summoning                4
Comestibles
 c - 6 meat rations
 h - a royal jelly
 H - 2 beef jerkies
 I - 7 slices of pizza


   Skills:
 + Level 7.5 Fighting
 + Level 5.1 Long Blades
 + Level 7.8 Axes
 * Level 8.3 Armour
 + Level 3.4 Dodging
 - Level 0.2 Stealth
 * Level 7.6 Invocations
 + Level 0.3 Evocations


You had 10 spell levels left.
You didn't know any spells.

Dungeon Overview and Level Annotations

Branches:
Dungeon (10/15)            Temple (0/1) D:5
   Lair: D:8-11         Orc: D:9-12

Altars:
Ashenzari
Dithmenos
Kikubaaqudgha
Makhleb
Nemelex Xobeh
Trog
Uskayaw
Yredelemnul

Shops:
D:4 (   D:5 !

Annotations:
D:3 Dickchan's ghost, amateur HOFi
D:10 exclusion: oklob plant
Abyss:1 Dowan


Innate Abilities, Weirdness & Mutations

Your body is rotting away.
You thrive on raw meat.
You are immune to poison.
You have sharp fingernails.
You are carnivorous and can eat meat at any time.
Your flesh is cold resistant. (rC+)
You are immune to negative energy. (rN+++)
You regenerate slowly when monsters are visible.
You are immune to unholy pain and torment.
You can survive without breathing.


Message History

Aim: a guardian serpent (moderately wounded, chance to defeat MR: 55%)
The guardian serpent is devoured by a tear in reality.
Lugonu claims a new guest.
You feel somewhat more hungry.
The hill giant hits you with a giant spiked club!
You hit the hill giant.
The hill giant is moderately wounded.
The hill giant misses you.
You riposte.
You slash the hill giant!
The hill giant is heavily wounded.
You slash the hill giant!
The hill giant is severely wounded.
The hill giant hits you with a giant spiked club!!
You hit the hill giant.
The hill giant is severely wounded.
The hill giant barely misses you.
You riposte.
You hit the hill giant.
The hill giant is severely wounded.
You slash the hill giant!
The hill giant is almost dead.
The hill giant hits you with a giant spiked club!!
You die...

#..>/.....#
#.....(...+
#.........#
#'# ##.#
###..#
#..§##
##C#######
#>@.......
#.........
#.........
#.........
#..%......
#.........
##########


You could see a hill giant.

Vanquished Creatures
  2 dancing weapons (D:8)
  The ghost of maxonian the Slinger, a novice HaHu of Hepliaklqana (D:8)
  Pikel (D:6)
  A two-headed ogre (D:10)
  The ghost of StylePr0 the Sneak, an amateur SpEn (D:4)
  4 hogs (D:10)
  A hungry ghost (D:7)
  A human (D:10)
  Menkaure (D:6)
  Edmund (D:6)
  A water moccasin (D:8)
  Duvessa (D:7)
  An orc warrior (D:7)
  2 sky beasts (D:7)
  A slave (D:6)
  A phantom (D:7)
  An ice beast (D:5)
  A necrophage (D:5)
  5 ogres
  A centaur (D:8)
  2 elf zombies (Ossuary)
  A gnoll sergeant (D:5)
  3 bullfrogs
  4 wights (D:7)
  A howler monkey (D:7)
  2 crimson imps
  2 jellies
  Crazy Yiuf (D:4)
  3 orc priests
  2 centaur zombies (Ossuary)
  3 hounds
  A bullfrog skeleton (D:5)
  A centaur skeleton (D:4)
  An iguana (D:8)
  7 orc wizards
  5 worker ants
  A killer bee zombie (D:6)
  2 big kobold zombies (Ossuary)
  A hound skeleton (D:4)
  2 mummies (Ossuary)
  2 worker ant zombies
  Robin (D:4)
  9 gnolls
  14 adders
  2 shadow imps (D:5)
  2 adder skeletons (D:5)
  An adder zombie (Ossuary)
  3 worms
  4 dart slugs
  3 leopard geckos
  30 orcs
  2 ball pythons
  7 bats
  8 giant cockroaches
  21 goblins
  6 hobgoblins
  13 jackals
  5 quokkas
  7 frilled lizards
  A goblin zombie (Ossuary)
  13 hobgoblin zombies (Ossuary)
  A jackal skeleton (D:8)
  A jackal zombie (Ossuary)
  7 kobolds
  8 kobold zombies (Ossuary)
  6 orc zombies (Ossuary)
  7 rats
  A rat zombie (Ossuary)
259 creatures vanquished.

Vanquished Creatures (collateral kills)
  An orc wizard (D:8)
  3 orcs (D:8)
4 creatures vanquished.

Vanquished Creatures (others)
  A guardian serpent (D:9)
1 creature vanquished.

Grand Total: 264 creatures vanquished

Notes
Turn   | Place    | Note
-------+----------+-------------------------------------------
     0 | Abyss:1  | Gargoyl the Ghoul Abyssal Knight began the quest for the Orb.
     0 | Abyss:1  | Reached XP level 1. HP: 19/19 MP: 1/1
    69 | Abyss:1  | Noticed a tentacled starspawn
    79 | Abyss:1  | Noticed a smoke demon
    80 | D:1      | Escaped the Abyss
   139 | D:1      | Reached * piety under Lugonu
   139 | D:1      | Reached XP level 2. HP: 24/26 MP: 2/2
   529 | D:1      | Reached XP level 3. HP: 33/33 MP: 3/3
   753 | D:1      | Reached skill level 2 in Armour
  1077 | D:2      | Reached skill level 1 in Dodging
  1102 | D:2      | Reached XP level 4. HP: 16/40 MP: 4/4
  1302 | D:2      | Reached ** piety under Lugonu
  1742 | D:2      | Found a bloodstained altar of Trog.
  1858 | D:2      | Found a sparkling altar of Nemelex Xobeh.
  1859 | D:2      | Found a basalt altar of Yredelemnul.
  2373 | D:2      | Reached XP level 5. HP: 33/47 MP: 5/5
  2511 | D:3      | Noticed Dickchan's ghost (amateur HOFi)
  2607 | D:3      | Reached *** piety under Lugonu
  3075 | D:4      | Found a runed door.
  3141 | D:4      | Noticed StylePr0's ghost (amateur SpEn)
  3142 | D:4      | Noticed Robin
  3154 | D:4      | Killed Robin
  3167 | D:4      | Reached XP level 6. HP: 25/53 MP: 6/6
  3179 | D:4      | Killed StylePr0's ghost
  3179 | D:4      | Reached skill level 3 in Armour
  3446 | D:4      | Found Zammajak's Weapon Emporium.
  3451 | D:4      | Reached XP level 7. HP: 58/60 MP: 8/8
  3482 | D:4      | Found a shattered altar of Ashenzari.
  3925 | D:4      | Noticed Crazy Yiuf
  3938 | D:4      | Killed Crazy Yiuf
  4029 | D:5      | Entered Level 5 of the Dungeon
  4100 | D:5      | Found Qawami's Distillery.
  4111 | D:5      | Reached **** piety under Lugonu
  4168 | D:5      | Reached skill level 5 in Fighting
  4172 | D:5      | Reached skill level 4 in Armour
  4509 | D:5      | Reached XP level 8. HP: 68/68 MP: 10/10
  4635 | D:5      | Reached skill level 5 in Axes
  4949 | D:5      | Found a staircase to the Ecumenical Temple.
  5330 | D:6      | Noticed Menkaure
  5343 | D:6      | Killed Menkaure
  5343 | D:6      | Reached skill level 5 in Invocations
  5388 | D:6      | Noticed Edmund
  5418 | D:6      | Killed Edmund
  5418 | D:6      | Reached skill level 5 in Armour
  5481 | D:6      | Reached XP level 9. HP: 75/75 MP: 12/12
  5941 | D:6      | Noticed Pikel
  5976 | D:6      | Killed Pikel
  6303 | D:7      | Reached skill level 6 in Armour
  6341 | D:7      | Reached ***** piety under Lugonu
  6341 | D:7      | Reached skill level 1 in Long Blades
  6368 | D:7      | Found a sand-covered staircase.
  6373 | Ossuary  | Entered an ossuary
  6923 | D:7      | Noticed Dowan
  6924 | D:7      | Noticed Duvessa
  6944 | D:7      | Killed Duvessa
  6953 | D:7      | Banished Dowan
  7053 | D:7      | Reached XP level 10. HP: 47/83 MP: 13/13
  7063 | D:7      | Found an ancient bone altar of Kikubaaqudgha.
  7343 | D:7      | Found a shadowy altar of Dithmenos.
  7761 | D:8      | Found a burning altar of Makhleb.
  7823 | D:8      | Noticed maxonian's ghost (novice HaHu)
  7860 | D:8      | Killed maxonian's ghost
  7860 | D:8      | Reached skill level 7 in Armour
  8000 | D:8      | Found a hide-covered altar of Uskayaw.
  8004 | D:8      | Noticed a dagger
  8004 | D:8      | Noticed a dagger
  8289 | D:8      | Killed a dagger
  8321 | D:8      | Killed a dagger
  8505 | D:8      | You fall through a shaft for 2 floors!
  8505 | D:10     | Entered Level 10 of the Dungeon
  8506 | D:10     | Noticed an oklob plant
  8659 | D:10     | Reached skill level 8 in Armour
  8820 | D:10     | Reached XP level 11. HP: 60/91 MP: 15/15
  9000 | D:10     | Reached skill level 5 in Long Blades
  9097 | D:9      | Noticed a hill giant
  9129 | D:9      | Slain by a hill giant

Skill      XL: |  1  2  3  4  5  6  7  8  9 10 11 |
---------------+----------------------------------+-----
Axes           | 2 3 4 6 7 |  7.8
Fighting       | 4 5 6 7 |  7.5
Armour         | 2 3 4 5 6 8 |  8.3
Dodging        | 1 2 3 |  3.4
Invocations    | 4 5 6 7 |  7.6
Long Blades    | 1 4 5 |  5.1
Stealth        | |  0.2
Evocations     | |  0.3

Action                   |  1- 3 |  4- 6 |  7- 9 | 10-12 || total
-------------------------+-------+-------+-------+-------++-------
Melee: Hand axe          |    86 |   196 |   641 |       ||   923
       Falchion          |       |       |   142 |   284 ||   426
Invok: Depart the Abyss  |     1 |       |       |       ||     1
       Banish            |       |       |     1 |     4 ||     5
Evoke: Wand              |       |       |     5 |     1 ||     6
  Use: Scroll            |     5 |     2 |    12 |     3 ||    22
       Potion            |       |     2 |     3 |     1 ||     6
  Eat: Chunk             |    10 |    37 |    58 |    19 ||   124
Armor: Leather armour    |    28 |    25 |       |       ||    53
       Scale mail        |       |    81 |     5 |       ||    86
       Chain mail        |       |       |   448 |       ||   448
       Plate armour      |       |       |     1 |    51 ||    52
       Shadow dragon sca |       |       |       |   206 ||   206
Dodge: Dodged            |    42 |   256 |   517 |   163 ||   978
       Rpst.: Falchion   |       |       |    33 |    55 ||    88
